 Dungeon Crawl Stone Soup version 0.28-a0-803-g74956062c1 (webtiles) character file.

Game seed: 5416909483801504875

83 BlueGoblin the Sneak (level 4, -1/31 HPs)
             Began as a Vampire Enchanter on Nov 7, 2021.
             Killed from afar by Natasha (6 damage)
             ... with a magic dart
             ... on level 2 of the Dungeon.
             The game lasted 00:04:02 (2097 turns).

BlueGoblin the Sneak (Vampire Enchanter)            Turns: 2097, Time: 00:04:03

Health: -1/31      AC:  2    Str:  7    XL:     4   Next: 22%
Magic:  2/7        EV: 12    Int: 17    God:
Gold:   73         SH:  0    Dex: 15    Spells: 2/7 levels left

rFire   . . .      SeeInvis +   g - +2 dagger (drain)
rCold   . . .      Faith    .   (no shield)
rNeg    . . .      Spirit   .   b - +0 robe
rPois   .          Reflect  .   (no helmet)
rElec   .          Harm     .   (no cloak)
rCorr   .          Rampage  .   (no gloves)
Will    .....                   (no boots)
Stlth   +++.......              (no amulet)
HPRegen 0.30/turn               (no ring)
MPRegen 0.10/turn               (no ring)

@: very slightly contaminated, healing quickly, slowed, invisible, very slow
A: alive, fangs 3, see invisible, vampiric 2
a: Exsanguinate


You were on level 2 of the Dungeon.
You visited 1 branch of the dungeon, and saw 2 of its levels.

You collected 73 gold pieces.

Inventory:

Hand Weapons
 a - a +1 dagger
 g - a +2 dagger of draining (weapon)
Armour
 b - a +0 robe (worn)
Jewellery
 h - a ring of ice
Scrolls
 e - a scroll of immolation {unknown}
 f - a scroll of holy word {unknown}
 i - a scroll of identify {unknown}
Potions
 d - a potion of heal wounds {unknown}
 j - 2 potions of brilliance {unknown}
 k - a potion of haste {unknown}


   Skills:
 + Level 0.3 Fighting
 + Level 1.7 Short Blades
 + Level 2.6 Dodging
 + Level 6.5 Stealth
 - Level 2.1 Spellcasting
 + Level 4.9 Hexes


You had 2 spell levels left.
You knew the following spells:

 Your Spells              Type           Power      Damage    Failure   Level
a - Ensorcelled Hibernat  Hex/Ice        20%        N/A       11%         2
b - Confusing Touch       Hex            18%        N/A       8%          3

Your spell library contained the following spells:

 Spells                   Type           Power      Damage    Failure   Level
 Tukima's Dance           Hex            18%        N/A       8%          3
 Dazzling Flash           Conj/Hex       20%        N/A       21%         3


Dungeon Overview and Level Annotations

Branches:
Dungeon (2/15)

Altars:

Annotations:
D:2 Natasha


Innate Abilities, Weirdness & Mutations

Your natural rate of healing is accelerated.
You have razor-sharp teeth.
You have supernaturally acute eyesight. (SInv)
You are afflicted with vampirism and can become a bat while bloodless.


Message History

Natasha resists with some effort.
Natasha claws you.
Aiming: Ensorcelled Hibernation (safe; 11% risk of failure)
Press: ? - help, Q - select action Shift-Dir - straight line, f/p - Natasha
Aim: Natasha (chance to affect: 41%) Natasha resists with some effort.
Natasha mumbles some strange words.
Natasha glows brightly for a moment.
Natasha claws you!
Aiming: Ensorcelled Hibernation (safe; 11% risk of failure)
Press: ? - help, Q - select action Shift-Dir - straight line, f/p - Natasha
Aim: Natasha (chance to affect: 41%) Natasha resists with some effort.
The jackal bites you. Natasha closely misses you.
The jackal closely misses you.
You hit Natasha. You drain Natasha.
Natasha is moderately wounded.
The jackal bites you. Natasha claws you.
You closely miss Natasha.
Natasha is moderately wounded.
The jackal barely misses you. Natasha claws you.
* * * LOW HITPOINT WARNING * * *
You hit Natasha.
Natasha is heavily wounded.
The jackal bites you but does no damage.
Natasha closely misses you. The jackal bites you.
* * * LOW HITPOINT WARNING * * *
You hit Natasha.
Natasha is almost dead.
The jackal barely misses you. Natasha claws you but does no damage.
You fade into invisibility!
The jackal barely misses you. Natasha claws you.
* * * LOW HITPOINT WARNING * * *
You are very lightly contaminated with residual magic.
The jackal barely misses you.
Natasha stares at you and mumbles some strange words.
You feel yourself slow down.
Natasha casts a spell.
Natasha casts a spell at you. The magic dart hits you.
You die...

..#..#.#######.##..............#.
###....#######.##..............#.
.............#.##......h.......#.
.............#.##...........####.
.............#.##.............[..
.............#.########.###..###.
.............#.# #....# #..# #.
.............#.#####5...###..###.
................@..h.............
.............#.#####....###..####
.............#.# #....# #..#
...............##.......# #..#
.............####.####### #..#
.............# # #..# #.
#.#.#.######## #..#.#. #.#.#.#
...#.#. ###.#.# #.#.#.


You could see Natasha (drained) and a crimson imp (summoned, wandering).

Vanquished Creatures
  Natasha (D:2)
  An adder (D:2)
  2 dart slugs (D:2)
  4 ball pythons
  6 bats
  5 endoplasms
  2 giant cockroaches
  5 goblins
  3 hobgoblins
  A jackal (D:2)
  4 kobolds
  3 quokkas
  2 frilled lizards (D:1)
  4 rats
43 creatures vanquished.

Vanquished Creatures (others)
  A fungus (D:2)
  2 plants (D:2)
3 creatures vanquished.

Grand Total: 46 creatures vanquished

Notes
Turn   | Place    | Note
-------+----------+-------------------------------------------
     0 | D:1      | BlueGoblin the Vampire Enchanter began the quest for the
                  | Orb.
     0 | D:1      | Reached XP level 1. HP: 13/13 MP: 3/3
   290 | D:1      | Reached XP level 2. HP: 19/19 MP: 5/5
   293 | D:1      | Learned a level 2 spell: Ensorcelled Hibernation
   468 | D:1      | Reached skill level 5 in Stealth
  1175 | D:2      | Noticed Natasha
  1177 | D:2      | Killed Natasha
  1178 | D:2      | Gained mutation: You are afflicted with vampirism and can
                  | become a bat while bloodless. [Vampire growth]
  1178 | D:2      | Reached XP level 3. HP: 24/24 MP: 6/6
  1220 | D:2      | Reached skill level 6 in Stealth
  1244 | D:2      | Reached XP level 4. HP: 31/31 MP: 4/7
  1352 | D:2      | Learned a level 3 spell: Confusing Touch
  1712 | D:2      | Noticed Natasha
  2031 | D:2      | Found a faded altar of an unknown god.
  2097 | D:2      | Killed from afar by Natasha

Illustrated notes

Levels and vault maps discovered:
D:1:      dpeg_arrival_lava_temple_mockup, layout_loops_ring
D:2:      layout_basic, shapermc_ecumenical_altar_mp_ritualfount, fountainhead,
          uniq_natasha

Skill      XL: |  1  2  3 |
---------------+----------+-----
Stealth        | 5 6 |  6.5
Fighting       | |  0.3
Short Blades   | |  1.7
Dodging        | |  2.6
Spellcasting   | |  2.1
Hexes          | |  4.9

Action                   |  1- 3 |  4- 6 || total
-------------------------+-------+-------++-------
Melee: Dagger            |    67 |    23 ||    90
       Bite              |     2 |     2 ||     4
 Cast: Ensorcelled Hiber |    13 |    10 ||    23
  Use: Potion            |       |     1 ||     1
 Stab: Sleeping          |    22 |     9 ||    31
Armor: Robe              |     4 |     2 ||     6
Dodge: Dodged            |    29 |    16 ||    45

Table legend: (Time is in decaauts)
 A = Elapsed time spent in this place.
 B = Non-inter-level travel time spent in this place.
 C = Inter-level travel time spent in this place.
 D = Time resting spent in this place.
 E = Time spent auto-exploring this place.
 F = Levels seen in this place.
 G = Mean time per level.
                   A        B        C        D        E       F      G
               +--------+--------+--------+--------+--------+-----+--------+
         Total |   2089 |   2040 |     49 |    136 |   1565 |   2 | 1044.5 |
       Dungeon |   2089 |   2040 |     49 |    136 |   1565 |   2 | 1044.5 |
               +--------+--------+--------+--------+--------+-----+--------+

Top non-repeatable levels by time:
     D:1: 1170 daAuts
     D:2: 918 daAuts
